Map: Odyssey LE

Players

XKG - Winner!

  • Race: Zerg Zerg
  • League: Diamond
  • Spawn Location: 5:00

rafapras

  • Race: Protoss Protoss
  • League: Diamond
  • Spawn Location: 11:00

VOD

Have the link to the VOD?

Description

Time

  • Played on: Dec. 2, 2017, 11:18 a.m.
  • Length: 4:58
Show
View Real Time Build Order
Export as new Build Order

XKG Zerg - Winner!

Build Orders: Pool First, Ravager All-In 

Get SALT Encoding   

  12  0:01  Drone  
  13  0:08  Drone  
  14  0:18  Drone, Extractor  
  14  0:23  Extractor  
  14  0:24  Drone  
  14  0:29  Overlord  
  14  0:49  Spawning Pool  
  13  0:52  Drone  
  14  0:57  Drone  
  14  1:02  Drone  
  16  1:39  Roach Warren  
  15  1:41  Queen  
  15  1:43  Drone  
  18  2:05  Overlord  
  18  2:22  Roach x2  
  22  2:25  Roach  
  24  2:33  Roach  
  26  2:54  Hatchery  
  26  2:56  Spine Crawler  
  25  3:02  Roach x2  
  30  3:15  Overlord  
  30  3:18  Spine Crawler  
  29  3:22  Overlord  
  32  3:34  Ravager x4  
  32  3:35  Ravager x2  
  36  3:42  Roach x2  
Show
View Real Time Build Order
Export as new Build Order

rafapras Protoss 

Build Orders:  

Get SALT Encoding   

  12  0:01  Probe  
  13  0:13  Probe  
  14  0:22  Pylon  
  14  0:25  Probe  
  15  0:40  Probe (Chrono Boost)  
  16  0:49  Probe (Chrono Boost)  
  17  0:55  Probe  
  18  1:06  Nexus  
  18  1:22  Gateway  
  17  1:33  Forge  
  17  1:40  Gateway  
  17  1:42  Pylon  
  17  1:45  Probe  
  18  1:49  Assimilator  
  18  1:57  Probe (Chrono Boost)  
  20  2:09  Probe (Chrono Boost)  
  20  2:11  Photon Cannon  
  20  2:23  Cybernetics Core  
  20  2:27  Assimilator  
  20  2:29  Zealot  
  22  2:32  Probe (Chrono Boost)  
  25  2:44  Probe (Chrono Boost)  
  25  2:47  Probe x2 (Chrono Boost)  
  25  2:50  Probe  
  27  3:13  Stargate  
  27  3:17  Adept  
  29  3:20  Probe x2  
  31  3:32  Probe (Chrono Boost)  
  31  3:33  Stalker  
  31  3:34  Probe (Chrono Boost)  
  36  3:44  Probe (Chrono Boost)  
  36  3:45  Probe (Chrono Boost)  
  36  3:47  Probe x2 (Chrono Boost)  
  37  3:58  Probe  
  37  4:00  Pylon  
  37  4:01  Pylon  
  41  4:05  Oracle (Chrono Boost)  
  29  4:29  Pylon  
  33  4:43  Pylon  
Tags
 
Add a new tag
Caveats
  • Supply blocks, unpowered buildings, or Contaminate may cause inaccurate times.
  • Supply counts are checked every 10 seconds.